 Dungeon Crawl Stone Soup version 0.20.1-1-g8b1a95d (webtiles) character file.

78 seb29deBrest the Skirmisher (level 4, -3/29 HPs)
             Began as a Gargoyle Monk on Nov 14, 2017.
             Was a Believer of Cheibriados.
             Slain by Crazy Yiuf
             ... wielding a +2 quarterstaff of chaos
              (5 damage)
             ... on level 3 of the Dungeon.
             The game lasted 00:12:49 (2177 turns).

seb29deBrest the Skirmisher (Gargoyle Monk)         Turns: 2177, Time: 00:12:49

Health: -3/29      AC:  8    Str: 20    XL:     4   Next: 36%
Magic:  4/4        EV: 12    Int: 16    God:    Cheibriados [**....]
Gold:   144        SH:  0    Dex: 17    Spells: 3/3 levels left

rFire    . . .     SeeInvis .   m - staff of energy
rCold    . . .     Gourm    .   (no shield)
rNeg     + . .     Faith    .   e - +0 ring mail
rPois    ∞         Spirit   .   (no helmet)
rElec    +         Reflect  .   (no cloak)
rCorr    .         Harm     .   (no gloves)
MR       .....                  (no boots)
Stlth    ++........             (no amulet)
Regen    0.1/turn               (no ring)
MPRegen  0.1/turn               (no ring)

@: very slow
A: negative energy resistance 1, electricity resistance, unbreathing,
petrification resistance, rot immunity, AC +3
a: Bend Time, Renounce Religion


You were on level 3 of the Dungeon.
You worshipped Cheibriados.
Cheibriados was pleased with you.
You were not hungry.

You visited 1 branch of the dungeon, and saw 3 of its levels.

You collected 144 gold pieces.

Inventory:

Hand Weapons
 a - a +0 mace
 d - a +3 dagger
Armour
 b - a +0 robe
 e - a +0 ring mail (worn)
Magical Staves
 m - an uncursed staff of energy (weapon)
Jewellery
 r - an uncursed amulet of rage
Scrolls
 f - 3 scrolls of identify
 g - a scroll of amnesia {unknown}
 h - 2 scrolls of teleportation {unknown}
 i - 2 scrolls of remove curse
 j - 2 scrolls of magic mapping {unknown}
 n - a scroll of enchant weapon {unknown}
 o - a scroll of random uselessness {unknown}
 p - a scroll of immolation {unknown}
 t - a scroll of enchant armour {unknown}
Potions
 k - a potion of flight {unknown}
 s - a potion of invisibility {unknown}
 v - a potion of ambrosia {unknown}
 w - a potion of curing {unknown}
Comestibles
 c - a bread ration
 l - 2 meat rations
 u - 2 fruits


   Skills:
 + Level 4.0 Fighting
 + Level 3.9 Maces & Flails
 + Level 0.2(2.3) Staves
 + Level 0.9 Armour
 + Level 2.9 Dodging
 + Level 2.2 Stealth


You had 3 spell levels left.
You didn't know any spells.

Dungeon Overview and Level Annotations

Branches:
Dungeon (3/15)

Altars:
Cheibriados
Yredelemnul
The Shining One

Annotations:
D:3 Crazy Yiuf


Innate Abilities, Weirdness & Mutations

You are resistant to torment.
Your stone body is resilient. (AC +3)
You are immune to poison.
You resist negative energy. (rN+)
You are resistant to electric shocks. (rElec)
You can survive without breathing.
You are immune to petrification.
You are immune to rotting.


Message History

Crazy Yiuf is heavily wounded.
Crazy Yiuf hits you with a quarterstaff of chaos.
You barely miss Crazy Yiuf.
Crazy Yiuf is heavily wounded.
Crazy Yiuf hits you with a quarterstaff of chaos.
You suddenly lose the ability to move!
Crazy Yiuf hits you with a quarterstaff of chaos.
Crazy Yiuf freezes you.
* * * LOW HITPOINT WARNING * * *
Crazy Yiuf hits you but does no damage.
Crazy Yiuf says, "Pitchfork!
Proton canine seventy."
Crazy Yiuf hits you with a quarterstaff of chaos.
* * * LOW HITPOINT WARNING * * *
Crazy Yiuf hits you but does no damage.
Crazy Yiuf hits you with a quarterstaff of chaos.
* * * LOW HITPOINT WARNING * * *
You can move again.
It was a potion of magic.
Magic courses through your body.
Crazy Yiuf hits you with a quarterstaff of chaos.
You die...

#.# ##..## #.#
#PPP.# #.#
#...## ######.#
##.## ######
#......# #.##
##...>. #....###
##.# ##......
#.)..# #.##
#....... #....#
##.# #.......
#....### #@#
#####.......
#......# #.g.#
#...#......)
#..).### #...#
###....<....
##.### #..)#
###....... #.#
##### #.......
#.# ###.......
#.# #.........
#.#
####.#.......
###.########
####..).##......


You could see Crazy Yiuf.

Vanquished Creatures
  2 adders
  2 dart slugs (D:2)
  A worm (D:2)
  3 leopard geckos
  6 bats
  4 giant cockroaches
  10 goblins
  6 hobgoblins
  3 jackals (D:2)
  4 frilled lizards
  2 kobolds (D:1)
  5 rats
48 creatures vanquished.

Notes
Turn   | Place    | Note
-------+----------+-------------------------------------------
     0 | D:1      | seb29deBrest the Gargoyle Monk began the quest for the Orb.
     0 | D:1      | Reached XP level 1. HP: 14/14 MP: 1/1
   394 | D:1      | Reached XP level 2. HP: 19/19 MP: 2/2
  1065 | D:2      | Reached XP level 3. HP: 23/23 MP: 3/3
  1311 | D:2      | Found a glowing golden altar of the Shining One.
  1359 | D:2      | Noticed an angel
  1374 | D:2      | Found a basalt altar of Yredelemnul.
  1376 | D:2      | Noticed a profane servitor
  1611 | D:2      | Found a snail-covered altar of Cheibriados.
  1629 | D:2      | Became a worshipper of Cheibriados the Contemplative
  1629 | D:2      | Reached * piety under Cheibriados
  1629 | D:2      | Reached ** piety under Cheibriados
  1825 | D:3      | Reached XP level 4. HP: 29/29 MP: 4/4
  2149 | D:3      | Reached skill level 4 in Fighting
  2160 | D:3      | Found a runed door.
  2164 | D:3      | Noticed Crazy Yiuf
  2170 | D:3      | Paralysed by Crazy Yiuf for 7 turns
  2177 | D:3      | Slain by Crazy Yiuf

Skill      XL: |  1  2  3  4 |
---------------+-------------+-----
Fighting       | 4 |  4.0
Maces & Flails | |  3.9
Staves         | |  0.2
Armour         | |  0.9
Dodging        | |  2.9
Stealth        | |  2.2

Action                   |  1- 3 |  4- 6 || total
-------------------------+-------+-------++-------
Melee: Mace              |   133 |       ||   133
       Staff             |    13 |    35 ||    48
  Use: Scroll            |     3 |     1 ||     4
       Potion            |       |     1 ||     1
 Stab: Sleeping          |     1 |     1 ||     2
  Eat: Chunk             |     3 |       ||     3
Armor: Ring mail         |    72 |    16 ||    88
       Robe              |     6 |       ||     6
Dodge: Dodged            |   116 |    17 ||   133
